 Dungeon Crawl Stone Soup version 0.29-a0-275-g389c0b56f3 (webtiles) character file.

Game seed: 10134527583632349875

268 HotDog the Covered (level 6, -2/34 HPs)
             Began as a Gargoyle Fighter on Mar 9, 2022.
             Splashed by a jelly's acid (5 damage)
             ... on level 4 of the Dungeon.
             The game lasted 00:05:16 (3287 turns).

HotDog the Covered (Gargoyle Fighter)               Turns: 3287, Time: 00:05:16

Health: -2/34      AC:  0    Str: 19 (21) XL:     6   Next: 21%
Magic:  8/8        EV:  9    Int:  7 (9)  God:
Gold:   99         SH:  5    Dex:  8 (9)  Spells: 5/5 levels left

rFire   . . .      SeeInvis .   d - +2 whip (venom)
rCold   . . .      Faith    .   c - +1 buckler
rNeg    + + .      Spirit   .   b - +0 scale mail
rPois   ∞          Reflect  .   (no helmet)
rElec   +          Harm     .   (no cloak)
rCorr   .          Rampage  .   k - +0 pair of gloves
Will    .....                   (no boots)
Stlth   ..........              (no amulet)
HPRegen 0.11/turn               e - ring of positive energy
MPRegen 0.11/turn               (no ring)

@: corroded
A: sickness immunity, AC +4, negative energy resistance 1, electricity
resistance, torment resistance 1, petrification resistance, frail 1, high MP 1,
evolution 1, MP-powered wands
a: no special abilities


You were on level 4 of the Dungeon.
You visited 1 branch of the dungeon, and saw 4 of its levels.

You collected 99 gold pieces.

Inventory:

Hand Weapons
 a - a +0 flail
 d - a +2 whip of venom (weapon)
Armour
 b - a +0 scale mail (worn)
 c - a +1 buckler (worn)
 k - a +0 pair of gloves (worn)
Jewellery
 e - a ring of positive energy (left hand)
 j - a ring of willpower
Scrolls
 f - a scroll of teleportation
 h - 2 scrolls of blinking {unknown}
Potions
 i - a potion of heal wounds {unknown}
 l - 2 potions of attraction {unknown}


   Skills:
 * Level 4.2 Fighting
 * Level 3.9 Maces & Flails
 * Level 4.2 Armour
 * Level 1.1 Dodging
 * Level 4.0 Shields
 * Level 1.9 Invocations


You had 5 spell levels left.
You didn't know any spells.
Your spell library contained the following spells:

 Spells                   Type           Power      Damage    Failure   Level
 Animate Skeleton         Necr           0%         N/A       87%         1
 Apportation              Tloc           0%         N/A       87%         1
 Summon Small Mammal      Summ           0%         N/A       87%         1
 Ensorcelled Hibernation  Hex/Ice        0%         N/A       95%         2
 Spider Form              Tmut/Pois      0%         N/A       99%         3
 Anguish                  Hex/Necr       0%         N/A       100%        4


Dungeon Overview and Level Annotations

Branches:
Dungeon (4/15)
 Temple: D:4-7

Altars:
Yredelemnul

Shops:
D:1 !![   D:2 (


Innate Abilities, Weirdness & Mutations

You are immune to sickness and miasma.
Your stone body is resilient. (AC +4)
You are immune to poison.
You resist negative energy. (rN+)
You are resistant to electric shocks. (rElec)
You are resistant to unholy torment.
You are immune to petrification.
You are frail. (-10% HP)
You have an increased reservoir of magic. (+10% MP)
You have hidden genetic potential.
You expend magic power (3 MP) to strengthen your wands.


Message History

The jackal bites you but does no damage. x2
You hit the jelly.
Your hands burn!
The jelly is moderately wounded.
You block the jelly's attack. You block the jackal's attack.
You miss the jackal.
The jackal is severely wounded.
The jackal barely misses you. The jelly hits you but does no damage.
You hit the jackal but do no damage.
The jackal looks even sicker.
The jackal is severely wounded.
The jackal barely misses you. The jelly closely misses you.
The jackal bites you but does no damage.
You hit the jackal but do no damage.
The jackal is almost dead.
You kill the jackal!
The jelly hits you but does no damage.
You hit the jelly. The acid corrodes you!
Your hands burn!
The jelly is heavily wounded.
The jelly hits you.
You are splashed with acid!
You are too injured to fight recklessly!
You are too injured to fight recklessly!
You are too injured to fight recklessly!
A jelly is nearby!
A jelly is nearby!
Unknown command.
You are too injured to fight recklessly!
You hit the jelly but do no damage.
Your hands burn!
The jelly is heavily wounded.
The jelly hits you but does no damage.
You hit the jelly.
Your hands burn!
* * * LOW HITPOINT WARNING * * *
The jelly is severely wounded.
You block the jelly's attack.
You hit the jelly.
The jelly is poisoned.
The acid corrodes you!
Your hands burn!
* * * LOW HITPOINT WARNING * * *
The jelly is almost dead.
The jelly barely misses you.
You hit the jelly but do no damage.
The jelly looks as sick as possible!
The acid corrodes you!
Your hands burn!
You die...

# ### .# ### #. #..
... ..# #.##.# #.# #.#
#.#.### #.# #.#
#).#.###.###.#
##..)......#†#
#..†........#####
#@.............<#
#†J#.#.......###.#
#...###..)....# #.#
#.#..#####.##..# #.#
................# #.#
##....######.##.......
#..## #.#######.# ..
#.# #.# #.#


You could see a jelly (extremely poisoned).

Vanquished Creatures
  An ogre (D:4)
  A necrophage (D:3)
  An orc priest (D:4)
  3 adders
  2 dart slugs
  2 orcs (D:4)
  7 ball pythons
  6 bats
  3 endoplasms
  3 giant cockroaches (D:1)
  4 goblins
  7 hobgoblins
  2 jackals (D:4)
  2 quokkas
  3 frilled lizards
  6 kobolds
  3 rats
56 creatures vanquished.

Vanquished Creatures (others)
  A plant (D:1)
1 creature vanquished.

Grand Total: 57 creatures vanquished

Notes
Turn   | Place    | Note
-------+----------+-------------------------------------------
     0 | D:1      | HotDog the Gargoyle Fighter began the quest for the Orb.
     0 | D:1      | Reached XP level 1. HP: 14/14 MP: 1/1
   102 | D:1      | Reached XP level 2. HP: 19/19 MP: 2/2
   458 | D:1      | Found Xiuptao's Antique Armour Boutique.
   517 | D:1      | Found Henimpaj's Distillery.
   762 | D:1      | Reached XP level 3. HP: 23/23 MP: 3/3
   930 | D:1      | Found Lasirghea's Distillery.
  1250 | D:2      | You fall into a shaft and drop 1 floor!
  1664 | D:3      | Noticed a necrophage
  1694 | D:3      | Killed a necrophage
  1695 | D:3      | Reached skill level 1 in Invocations
  1695 | D:3      | Reached XP level 4. HP: 5/29 MP: 4/4
  1695 | D:3      | Gained mutation: You have a pair of small horns on your
                  | head. [potion of mutation]
  1695 | D:3      | Gained mutation: You have large cloven feet. [potion of
                  | mutation]
  1695 | D:3      | Gained mutation: Your mind is acute. (Int +2) [potion of
                  | mutation]
  2122 | D:3      | Reached XP level 5. HP: 28/33 MP: 5/5
  2363 | D:2      | Found a basalt altar of Yredelemnul.
  2502 | D:2      | Found Hodoapig's Antique Weapon Shoppe.
  3188 | D:4      | Noticed an ogre
  3194 | D:4      | Killed an ogre
  3195 | D:4      | Reached skill level 1 in Dodging
  3195 | D:4      | Reached XP level 6. HP: 38/38 MP: 7/7
  3197 | D:4      | Lost mutation: You have large cloven feet. [potion of
                  | mutation]
  3197 | D:4      | Lost mutation: Your mind is acute. (Int +2) [potion of
                  | mutation]
  3197 | D:4      | Lost mutation: You have a pair of small horns on your head.
                  | [potion of mutation]
  3197 | D:4      | Gained mutation: You are frail. (-10% HP) [potion of
                  | mutation]
  3197 | D:4      | Gained mutation: You expend magic power (3 MP) to
                  | strengthen your wands. [potion of mutation]
  3197 | D:4      | Gained mutation: You have an increased reservoir of magic.
                  | (+10% MP) [potion of mutation]
  3197 | D:4      | Gained mutation: You have hidden genetic potential. [potion
                  | of mutation]
  3287 | D:4      | Splashed by a jelly's acid

Illustrated notes

Levels and vault maps discovered:
D:1:      sevenhm_arrival_forest_fort_small_3, layout_basic, serial_shops,
          nicolae_shop_statue_plus, nicolae_shop_stone,
          nicolae_shop_statue_plus, kennysheep_boxes
D:2:      layout_loops_cross, basic_altar, serial_shops, shop
D:3:      layout_basic, serial_shops, nicolae_shop_window_shopping,
          grunt_ministairs_7
D:4:      layout_loops_ring, chequers_serial_rivers_small_3

Skill      XL: |  1  2  3  4  5 |
---------------+----------------+-----
Maces & Flails | 3 |  3.9
Invocations    | 1 |  1.9
Armour         | 4 |  4.2
Fighting       | 4 |  4.2
Dodging        | 1 |  1.1
Shields        | 4 |  4.0

Action                   |  1- 3 |  4- 6 || total
-------------------------+-------+-------++-------
Melee: Flail             |    91 |    62 ||   153
       Kick              |       |     6 ||     6
       Headbutt          |       |     5 ||     5
       Whip              |       |    20 ||    20
  Use: Scroll            |       |     4 ||     4
       Potion            |       |     4 ||     4
Armor: Scale mail        |   111 |    51 ||   162
Dodge: Dodged            |    71 |    53 ||   124
Block: Buckler           |    45 |    26 ||    71

Table legend: (Time is in decaauts)
 A = Elapsed time spent in this place.
 B = Non-inter-level travel time spent in this place.
 C = Inter-level travel time spent in this place.
 D = Time resting spent in this place.
 E = Time spent auto-exploring this place.
 F = Levels seen in this place.
 G = Mean time per level.
                   A        B        C        D        E       F      G
               +--------+--------+--------+--------+--------+-----+--------+
         Total |   3333 |   3171 |    162 |    730 |   1819 |   4 |  833.2 |
       Dungeon |   3333 |   3171 |    162 |    730 |   1819 |   4 |  833.2 |
               +--------+--------+--------+--------+--------+-----+--------+

Top non-repeatable levels by time:
     D:1: 1552 daAuts
     D:3: 923 daAuts
     D:2: 741 daAuts
     D:4: 116 daAuts
